 Dungeon Crawl Stone Soup version 0.28.0-53-g5a82cb258f (webtiles) character file.

Game seed: 14698847440544675900

1129 Zeld the Zephyrmancer (level 8, -3/41 HPs)
             Began as a Tengu Air Elementalist on May 25, 2022.
             Slain by a water moccasin (5 damage)
             ... on level 5 of the Dungeon.
             The game lasted 00:08:19 (7619 turns).

Zeld the Zephyrmancer (Tengu Air Elementalist)      Turns: 7619, Time: 00:08:20

Health: -3/41      AC:  3    Str:  8    XL:     8   Next: 35%
Magic:  0/17       EV: 14    Int: 18    God:
Gold:   227        SH:  0    Dex: 15    Spells: 8/18 levels left

rFire   . . .      SeeInvis .   (no weapon)
rCold   . . .      Faith    .   (no shield)
rNeg    . . .      Spirit   .   a - +0 robe
rPois   .          Reflect  .   (helmet restricted)
rElec   .          Harm     .   (no cloak)
rCorr   .          Rampage  .   s - +0 pair of gloves
Will    .....                   (boots unavailable)
Stlth   ++........              (no amulet)
HPRegen 0.13/turn               (no ring)
MPRegen 0.15/turn               (no ring)

@: flying quickly and evasively, quick
A: beak, talons 3, nimble flight
a: no special abilities


You were on level 5 of the Dungeon.
You visited 1 branch of the dungeon, and saw 5 of its levels.
You also visited: Sewer.

You collected 227 gold pieces.

Inventory:

Armour
 a - a +0 robe (worn)
 s - a +0 pair of gloves (worn)
Jewellery
 t - a ring of positive energy
Scrolls
 c - a scroll of vulnerability {unknown}
 d - a scroll of immolation {unknown}
 f - 2 scrolls of amnesia {unknown}
 h - 3 scrolls of identify {unknown}
 k - a scroll of noise {unknown}
 m - a scroll of magic mapping {unknown}
 o - a scroll of teleportation {unknown}
 q - a scroll of blinking {unknown}
Potions
 b - 2 potions of haste
 e - 2 potions of degeneration {unknown}
 g - 2 potions of ambrosia {unknown}
 i - a potion of mutation {unknown}
 j - 2 potions of brilliance {unknown}
 l - 2 potions of heal wounds {unknown}
 n - 2 potions of curing {unknown}
 p - a potion of flight
 r - a potion of lignification {unknown}


   Skills:
 - Level 2.1 Dodging
 - Level 2.0 Stealth
 * Level 5.8 Spellcasting
 + Level 5.7 Conjurations
 * Level 8.9 Air Magic


You had 8 spell levels left.
You knew the following spells:

 Your Spells              Type           Power      Damage    Failure   Level
a - Shock                 Conj/Air       100%       1d9       1%          1
b - Static Discharge      Conj/Air       31%        N/A       1%          2
c - Swiftness             Air            37%        N/A       1%          3
d - Airstrike             Air            18%        N/A       3%          4

Your spell library contained the following spells:

 Spells                   Type           Power      Damage    Failure   Level
 Foxfire                  Conj/Fire      60%        2x1d7     3%          1
 Conjure Flame            Conj/Fire      15%        6-21      12%         3
 Ensorcelled Hibernation  Hex/Ice        10%        N/A       19%         2
 Passwall                 Tmut/Erth      4%         N/A       19%         2
 Inner Flame              Hex/Fire       5%         N/A       36%         3
 Spider Form              Tmut/Pois      5%         N/A       36%         3
 Flame Wave               Conj/Fire      15%        2d6       36%         4
 Anguish                  Hex/Necr       2%         N/A       77%         4


Dungeon Overview and Level Annotations

Branches:
Dungeon (5/15)             Temple (0/1) D:4           Sewer (visited)

Altars:
Hepliaklqana
Okawaru


Innate Abilities, Weirdness & Mutations

You have a beak for a mouth.
You have claws for feet.
Your magical nature lets you fly swiftly and evasively.


Message History

The water moccasin is severely wounded.
The water moccasin bites you but does no damage.
The water moccasin misses you.
You hit the water moccasin but do no damage.
You peck the water moccasin.
The water moccasin is severely wounded.
The water moccasin bites you!
You closely miss the water moccasin.
You peck the water moccasin, but do no damage.
The water moccasin is severely wounded.
The water moccasin bites you.
The water moccasin completely misses you.
Casting: Shock (safe; 1% risk of failure)
Confirm with . or Enter, or press ? or * to list all spells.
Aiming: Shock (safe; 1% risk of failure)
Press: ? - help, Shift-Dir - straight line, f/p - water moccasin
Aim: a water moccasin (severely wounded, 57% to hit)
The zap hits the water moccasin.
The water moccasin is almost dead.
The water moccasin bites you!
* * * LOW HITPOINT WARNING * * *
The water moccasin misses you.
A howler monkey comes into view.
The water moccasin misses you.
Casting: Shock (safe; 1% risk of failure)
Confirm with . or Enter, or press ? or * to list all spells.
Aiming: Shock (safe; 1% risk of failure)
Press: ? - help, Shift-Dir - straight line, f/p - water moccasin
Aim: a water moccasin (almost dead, 57% to hit)
The zap misses the water moccasin.
The water moccasin closely misses you.
Unknown command.
The water moccasin bites you.
* * * LOW HITPOINT WARNING * * *
The water moccasin bites you.
* * * LOW HITPOINT WARNING * * *
Unknown command.
It was a potion of flight.
You feel more buoyant. The water moccasin bites you.
You die...

........#.##.
.............
...........#
.÷.......†.#
......./..# ####
##......#.# #...
#......#.# #.##
##.......# #.#
#...S@..# #.##
#.......# #.#.
#...###(# #.#†
###.###.# #.#< #..##.#
#.## ##.##.# #...
#####..#.##############
#.....h..[...........(.
#........##############


You could see a water moccasin.

Vanquished Creatures
  A hornet (D:4)
  Pargi (Sewer)
  A black bear (D:5)
  A necrophage (D:5)
  An ogre (D:4)
  A water moccasin skeleton (D:4)
  2 hounds (D:4)
  A centaur skeleton (D:5)
  A jelly (D:5)
  An iguana (D:5)
  Natasha (thrice) (D:3)
  An orc wizard (D:4)
  8 adders
  7 gnolls (D:3)
  A river rat (D:3)
  A white imp (D:5)
  An adder skeleton (D:4)
  2 worms
  5 dart slugs
  13 orcs
  2 endoplasms (D:3)
  7 giant cockroaches
  15 goblins
  10 hobgoblins
  7 jackals
  4 kobolds
  5 quokkas
  10 ball pythons
  7 bats
  4 frilled lizards
  7 rats
131 creatures vanquished.

Notes
Turn   | Place    | Note
-------+----------+-------------------------------------------
     0 | D:1      | Zeld the Tengu Air Elementalist began the quest for the
                  | Orb.
     0 | D:1      | Reached XP level 1. HP: 10/10 MP: 4/4
   215 | D:1      | Reached XP level 2. HP: 15/15 MP: 4/6
   296 | D:1      | Learned a level 2 spell: Static Discharge
  1461 | D:1      | Reached XP level 3. HP: 16/19 MP: 4/7
  1465 | D:1      | Learned a level 3 spell: Swiftness
  2283 | D:2      | Reached skill level 5 in Air Magic
  2283 | D:2      | Reached XP level 4. HP: 12/24 MP: 0/9
  3643 | D:3      | Found a hazy altar of Hepliaklqana.
  3796 | D:3      | Found a glowing drain.
  3809 | Sewer    | Entered a sewer
  3901 | Sewer    | Gained mutation: Your magical nature lets you fly swiftly
                  | and evasively. [Tengu growth]
  3901 | Sewer    | Reached XP level 5. HP: 25/28 MP: 5/10
  3906 | Sewer    | Learned a level 4 spell: Airstrike
  4073 | Sewer    | Noticed Pargi
  4090 | Sewer    | Killed Pargi
  4091 | Sewer    | Reached skill level 6 in Air Magic
  4361 | D:3      | Reached XP level 6. HP: 32/32 MP: 7/12
  4950 | D:3      | Noticed Natasha
  4959 | D:3      | Killed Natasha
  5209 | D:3      | Noticed Natasha
  5211 | D:3      | Killed Natasha
  5327 | D:3      | Noticed Natasha
  5331 | D:3      | Killed Natasha
  5624 | D:4      | Reached skill level 7 in Air Magic
  5624 | D:4      | Reached XP level 7. HP: 18/36 MP: 0/14
  5757 | D:4      | Noticed a hornet
  5760 | D:4      | Killed a hornet
  5761 | D:4      | Reached skill level 5 in Spellcasting
  6115 | D:4      | Reached skill level 8 in Air Magic
  6292 | D:4      | Reached skill level 5 in Conjurations
  6303 | D:4      | Found an iron altar of Okawaru.
  6605 | D:4      | Found a staircase to the Ecumenical Temple.
  6829 | D:4      | Reached XP level 8. HP: 29/41 MP: 11/17
  6980 | D:5      | Entered Level 5 of the Dungeon
  7618 | D:5      | HP: 2/41 [water moccasin (6)]
  7619 | D:5      | Slain by a water moccasin

Illustrated notes

Levels and vault maps discovered:
D:1:      scummos_arrival_checkerplants, layout_basic, minmay_ruptured
D:2:      layout_loops_ring, nicolae_concentric_dashed_squares_mild,
          minmay_pentomino_r2
D:3:      layout_basic, mainiacjoe_overflow_boulevard, portal_sewer_entry_e,
          uniq_natasha
D:4:      kennysheep_big_flooded_room, layout_basic, kennysheep_mini_moat,
          minmay_ogre_servants
D:5:      layout_basic

Skill      XL: |  1  2  3  4  5  6  7 |
---------------+----------------------+-----
Conjurations   | 2 3 4 5 |  5.7
Air Magic      | 5 6 7 8 |  8.9
Spellcasting   | 3 4 5 |  5.8
Dodging        | |  2.1
Stealth        | |  2.0

Action                   |  1- 3 |  4- 6 |  7- 9 || total
-------------------------+-------+-------+-------++-------
Melee: Unarmed           |    38 |    24 |    10 ||    72
       Kick              |    12 |     7 |     2 ||    21
       Peck              |     7 |     7 |     4 ||    18
 Cast: Shock             |    16 |    50 |    20 ||    86
       Static Discharge  |    21 |    38 |     9 ||    68
       Airstrike         |       |     7 |    30 ||    37
  Use: Potion            |       |       |     1 ||     1
 Stab: Sleeping          |     3 |     2 |       ||     5
       Distracted        |     1 |       |       ||     1
Armor: Robe              |    13 |     8 |     4 ||    25
Dodge: Dodged            |    40 |    52 |    27 ||   119
